Flyers vs Stars
(R1)
Created - 2 janvier 2014 at 18:59
Goals
|
| Flyers |
0 |
0 |
2 |
2 |
| Stars |
1 |
1 |
3 |
5 |
|
Shots
|
| Flyers |
4 |
9 |
11 |
24 |
| Stars |
10 |
15 |
6 |
31 |
|
1st period
1. Stars , Pavel Kubina 5 (David Legwand) at 15:55 (PP)
Penalties :
Sheldon Keefe (Phi) for Slashing (Minor) at 9:49, Michael Rupp (Dal) for High sticking (Minor) at 11:57, Jeff O'Neill (Phi) for Diving (Minor) at 15:53
2nd period
2. Stars , Michael Rupp 6 (Patrik Elias) at 0:50
Penalties :
Blair Betts (Phi) for Hooking (Minor) at 12:48, James Wisniewski (Phi) for Boarding (Minor) at 13:39
3rd period
3. Stars , Shane Doan 14 (David Legwand) at 0:20
4. Stars , Scott Walker 2 (Marty Reasoner, Jan Hlavac) at 15:09
5. Flyers , Alex Tanguay 14 (Martin St. Louis) at 15:26
6. Flyers , Martin St. Louis 13 (Sydney Crosby) at 15:34
7. Stars , Evgeny Artyukhin 3 (Patrik Elias, Michael Rupp) at 15:50
Penalties :
James Wisniewski (Phi) for High sticking (Minor) at 1:29, Brian Pothier (Dal) for High sticking (Double Minor) at 4:01, Francis Bouillon (Dal) for Delaying the game (Minor) at 16:46
Goalie Stats
Chris Mason (Phi), 26 saves from 31 shots - (0,839), L, 9-13-4, 60:00 minutes
Pascal Leclaire (Dal), 22 saves from 24 shots - (0,917), W, 14-12-1, 60:00 minutes
Players Stats for Flyers
Player Name G A P +/- PIM S H SB GA TA FO MP PP MP PK MP
------------------------------------------------------------------------------------
Alex Tanguay 1 0 1 0 0 3 0 1 0 0 0/2 22:31 3:47 3:04
Blair Betts 0 0 0 0 2 0 1 0 0 1 0/0 8:50 0:00 1:53
Chris Pronger 0 0 0 -3 0 0 2 0 0 1 0/0 25:54 3:46 3:52
David Vyborny 0 0 0 0 0 3 3 1 0 0 0/0 15:26 2:43 0:00
Erik Cole 0 0 0 0 0 1 2 1 0 0 0/0 17:23 2:37 1:52
James Wisniewski 0 0 0 1 4 1 2 1 0 0 0/0 20:48 4:11 1:12
Jeff O'Neill 0 0 0 0 2 0 2 0 0 0 8/12 17:33 2:43 2:06
Justin Williams 0 0 0 0 0 0 0 0 0 0 0/0 2:46 1:27 0:00
Mark Giordano 0 0 0 0 0 0 3 0 0 0 0/0 14:10 0:00 1:59
Martin St. Louis 1 1 2 0 0 5 0 0 2 1 0/1 19:19 3:47 0:00
Mike Lundin 0 0 0 -3 0 3 1 1 0 3 0/0 25:20 3:46 3:47
Nolan Pratt 0 0 0 0 0 0 0 0 0 0 0/0 12:27 0:00 0:00
Olli Jokinen 0 0 0 -2 0 1 0 0 0 0 2/3 10:33 0:00 0:00
Ryane Clowe 0 0 0 0 0 0 0 0 1 0 0/0 9:12 1:27 0:05
Scott Hannan 0 0 0 1 0 0 2 1 1 0 0/0 20:39 4:11 2:49
Scottie Upshall 0 0 0 -2 0 2 1 1 0 0 0/0 12:08 1:33 0:00
Sheldon Keefe 0 0 0 -2 2 1 2 2 0 0 0/0 14:13 0:00 0:00
Sydney Crosby 0 1 1 0 0 4 3 1 0 0 20/34 22:45 3:47 3:32
Players Stats for Stars
Player Name G A P +/- PIM S H SB GA TA FO MP PP MP PK MP
------------------------------------------------------------------------------------
Antoine Vermette 0 0 0 0 0 2 4 0 0 0 5/9 17:58 3:30 2:27
Brian Gionta 0 0 0 0 0 0 2 0 0 0 0/0 15:36 3:30 0:00
Brian Pothier 0 0 0 0 4 0 2 1 1 0 0/0 14:11 0:00 1:16
Cory Stillman 0 0 0 -1 0 2 1 0 0 0 1/1 20:56 3:05 2:40
David Legwand 0 2 2 -1 0 2 2 0 0 0 11/24 18:43 3:08 0:32
Evgeny Artyukhin 1 0 1 2 0 2 0 0 0 0 0/0 10:25 0:06 0:00
Filip Novak 0 0 0 1 0 1 0 0 0 1 0/0 21:00 2:54 4:24
Francis Bouillon 0 0 0 1 2 1 1 1 0 1 0/0 19:46 2:54 3:08
Jan Hlavac 0 1 1 1 0 2 0 0 1 0 0/0 9:31 0:00 1:29
Marty Reasoner 0 1 1 1 0 2 1 1 0 0 3/9 11:51 0:00 3:52
Matthew Spiller 0 0 0 1 0 1 2 1 1 0 0/0 25:43 3:56 3:33
Michael Rupp 1 1 2 2 2 3 3 0 0 0 2/4 11:42 0:12 1:06
Milan Michalek 0 0 0 0 0 1 4 0 0 0 0/1 15:34 3:30 0:00
Patrik Elias 0 2 2 2 0 0 1 0 1 0 0/0 10:31 0:18 0:00
Pavel Kubina 1 0 1 1 0 5 1 1 2 0 0/0 25:43 3:56 3:33
Randy Jones 0 0 0 0 0 0 0 0 0 0 0/0 12:49 0:00 0:00
Scott Walker 1 0 1 1 0 1 0 0 0 0 0/0 7:58 0:00 0:00
Shane Doan 1 0 1 -1 0 6 4 0 0 2 0/4 22:03 3:11 3:48
3 Stars
1 - Michael Rupp (Dal)
2 - Patrik Elias (Dal)
3 - Martin St. Louis (Phi)
Power Play
Flyers - 0 on 4 Attempt(s) - 0,00%
Stars - 1 on 5 Attempt(s) - 20,00%
Penalty Kill
Flyers - 4 on 5 Attempt(s) - 80,00%
- Score 0 goal in Penalty Kill
Stars - 4 on 4 Attempt(s) - 100,00%
- Score 0 goal in Penalty Kill
Official
Referees : O'Rourke Dan and Walsh Ian
Linesman : Jonny Murray and Tim Nowak
Game Notes
15:50 of 3rd period - Stars goal is going for a video replay. After video review, Goal.
Finance
Level 1 -- Attendance: 4207 (70,12%) -- Ticket Income 420 700 $
Level 2 -- Attendance: 3152 (63,04%) -- Ticket Income 189 120 $
Level 3 -- Attendance: 1265 (63,25%) -- Ticket Income 44 275 $
Level 4 -- Attendance: 3331 (83,28%) -- Ticket Income 66 620 $
Luxury Box -- Attendance: 630 (63,00%) -- Ticket Income 126 000 $
Game was played at the American Airlines Center
Total Attendance: 12585 (69,92%)
Total Ticket Income: 846 715 $
Other Income: 127 007 $
Total Income: 973 722 $
Flyers
5 vs 5 Forward
Center Left Wing Right Wing Time % Phy DF OF
1 Sydney Crosby Alex Tanguay Martin St. Louis 40 1 1 3
2 Jeff O'Neill Erik Cole David Vyborny 30 1 1 3
3 Olli Jokinen Scottie Upshall Sheldon Keefe 20 1 3 1
4 Blair Betts Ryane Clowe Sheldon Keefe 10 0 5 0
5 vs 5 Defense
Defense Defense Time % Phy DF OF
1 Chris Pronger Mike Lundin 40 1 2 2
2 Scott Hannan James Wisniewski 30 1 2 2
3 Nolan Pratt Mark Giordano 20 1 2 2
4 Chris Pronger James Wisniewski 10 1 2 2
PowerPlay Forward
Center Left Wing Right Wing Time % Phy DF OF
1 Sydney Crosby Alex Tanguay Martin St. Louis 60 1 2 2
2 Jeff O'Neill Erik Cole David Vyborny 40 1 2 2
PowerPlay Defense
Defense Defense Time % Phy DF OF
1 Chris Pronger Mike Lundin 60 1 2 2
2 Scott Hannan James Wisniewski 40 1 2 2
Penalty Kill 4 Players Forward
Center Wing Time % Phy DF OF
1 Sydney Crosby Alex Tanguay 60 1 2 2
2 Jeff O'Neill Erik Cole 40 1 2 2
Penalty Kill 4 Players Defense
Defense Defense Time % Phy DF OF
1 Chris Pronger Mike Lundin 60 1 2 2
2 Scott Hannan James Wisniewski 40 1 2 2
Penalty Kill - 3 Players Forward
Forward Time % Phy DF OF
1 Sydney Crosby 60 1 2 2
2 Jeff O'Neill 40 1 2 2
Penalty Kill - 3 Players Defense
Defense Defense Time % Phy DF OF
1 Chris Pronger Mike Lundin 60 1 2 2
2 Scott Hannan James Wisniewski 40 1 2 2
4 vs 4 Forward
Center Wing Time % Phy DF OF
1 Sydney Crosby Alex Tanguay 60 1 2 2
2 Jeff O'Neill Erik Cole 40 1 2 2
4 vs 4 Defense
Defense Defense Time % Phy DF OF
1 Chris Pronger Mike Lundin 60 1 2 2
2 Scott Hannan James Wisniewski 40 1 2 2
Last Minutes Offensive
Center Left Wing Right Wing Defense Defense
Sydney Crosby Alex Tanguay Martin St. Louis Chris Pronger Mark Giordano
Last Minutes Defensive
Center Left Wing Right Wing Defense Defense
Sydney Crosby Erik Cole David Vyborny Chris Pronger Mark Giordano
Goaltenders
Starting : Chris Mason
Backup : Mathieu Garon
Extra Forwards
Normal : Scottie Upshall, Ryane Clowe, Blair Betts - PP : Scottie Upshall, Ryane Clowe - PK : Blair Betts
Extra Defensemen
Normal : Nolan Pratt, Mark Giordano, Scott Hannan - PP : Nolan Pratt - PK : Mark Giordano, Scott Hannan
Penalty Shots
Sydney Crosby, Alex Tanguay, Martin St. Louis, Erik Cole, Scottie Upshall
Stars
5 vs 5 Forward
Center Left Wing Right Wing Time % Phy DF OF
1 David Legwand Cory Stillman Shane Doan 40 1 2 2
2 Antoine Vermette Milan Michalek Brian Gionta 30 1 2 2
3 Michael Rupp Patrik Elias Evgeny Artyukhin 20 1 2 2
4 Marty Reasoner Jan Hlavac Scott Walker 10 1 2 2
5 vs 5 Defense
Defense Defense Time % Phy DF OF
1 Pavel Kubina Matthew Spiller 40 1 2 2
2 Filip Novak Francis Bouillon 30 1 2 2
3 Randy Jones Brian Pothier 20 1 2 2
4 Pavel Kubina Matthew Spiller 10 1 2 2
PowerPlay Forward
Center Left Wing Right Wing Time % Phy DF OF
1 David Legwand Cory Stillman Shane Doan 60 1 2 2
2 Antoine Vermette Milan Michalek Brian Gionta 40 1 2 2
PowerPlay Defense
Defense Defense Time % Phy DF OF
1 Pavel Kubina Matthew Spiller 60 1 2 2
2 Filip Novak Francis Bouillon 40 1 2 2
Penalty Kill 4 Players Forward
Center Wing Time % Phy DF OF
1 Marty Reasoner Shane Doan 60 1 2 2
2 Michael Rupp Cory Stillman 40 1 2 2
Penalty Kill 4 Players Defense
Defense Defense Time % Phy DF OF
1 Pavel Kubina Matthew Spiller 60 1 2 2
2 Filip Novak Francis Bouillon 40 1 2 2
Penalty Kill - 3 Players Forward
Forward Time % Phy DF OF
1 Marty Reasoner 60 1 2 2
2 Michael Rupp 40 1 2 2
Penalty Kill - 3 Players Defense
Defense Defense Time % Phy DF OF
1 Pavel Kubina Matthew Spiller 60 1 2 2
2 Filip Novak Francis Bouillon 40 1 2 2
4 vs 4 Forward
Center Wing Time % Phy DF OF
1 David Legwand Shane Doan 60 1 2 2
2 Antoine Vermette Cory Stillman 40 1 2 2
4 vs 4 Defense
Defense Defense Time % Phy DF OF
1 Pavel Kubina Matthew Spiller 60 1 2 2
2 Filip Novak Francis Bouillon 40 1 2 2
Last Minutes Offensive
Center Left Wing Right Wing Defense Defense
David Legwand Cory Stillman Shane Doan Pavel Kubina Matthew Spiller
Last Minutes Defensive
Center Left Wing Right Wing Defense Defense
David Legwand Cory Stillman Shane Doan Pavel Kubina Matthew Spiller
Goaltenders
Starting : Pascal Leclaire
Backup : Vesa Toskala
Extra Forwards
Normal : Patrik Elias, Michael Rupp, Marty Reasoner - PP : Patrik Elias, Michael Rupp - PK : Marty Reasoner
Extra Defensemen
Normal : Randy Jones, Brian Pothier, Filip Novak - PP : Randy Jones - PK : Brian Pothier, Filip Novak
Penalty Shots
David Legwand, Shane Doan, Antoine Vermette, Cory Stillman, Milan Michalek
% Time on Ice - Flyers
Lines # - Real PCT - Wanted PCT - Time Play
Normal Forward
1 - 36% - 40% - 16:23
2 - 29% - 30% - 13:03
3 - 23% - 20% - 10:33
4 - 12% - 10% - 5:14
Normal Defense
1 - 40% - 40% - 18:06
2 - 29% - 30% - 13:08
3 - 26% - 20% - 11:56
4 - 5% - 10% - 2:03
PP Forward
1 - 66% - 60% - 5:14
2 - 34% - 40% - 2:43
PP Defense
1 - 47% - 60% - 3:46
2 - 53% - 40% - 4:11
PK Forward
1 - 77% - 60% - 4:25
2 - 23% - 40% - 1:17
PK Defense
1 - 60% - 60% - 3:26
2 - 40% - 40% - 2:16
PK3 Forward
1 - 85% - 60% - 0:58
2 - 15% - 40% - 0:10
PK3 Defense
1 - 51% - 60% - 0:35
2 - 49% - 40% - 0:33
44 Forward
1 - 0% - 60%
2 - 0% - 40%
44 Defense
1 - 0% - 60%
2 - 0% - 40%
Last Minute Offensive - 0:00
Last Minute Defensive - 0:00
Total
Forward - 60:00
Defense - 60:00
|
% Time on Ice - Stars
Lines # - Real PCT - Wanted PCT - Time Play
Normal Forward
1 - 34% - 40% - 15:20
2 - 27% - 30% - 12:01
3 - 22% - 20% - 10:00
4 - 17% - 10% - 7:52
Normal Defense
1 - 40% - 40% - 17:53
2 - 30% - 30% - 13:42
3 - 28% - 20% - 12:40
4 - 2% - 10% - 0:58
PP Forward
1 - 49% - 60% - 3:20
2 - 51% - 40% - 3:30
PP Defense
1 - 58% - 60% - 3:56
2 - 42% - 40% - 2:54
PK Forward
1 - 83% - 60% - 6:37
2 - 17% - 40% - 1:20
PK Defense
1 - 45% - 60% - 3:33
2 - 55% - 40% - 4:24
PK3 Forward
1 - 0% - 60%
2 - 0% - 40%
PK3 Defense
1 - 0% - 60%
2 - 0% - 40%
44 Forward
1 - 0% - 60%
2 - 0% - 40%
44 Defense
1 - 0% - 60%
2 - 0% - 40%
Last Minute Offensive - 0:00
Last Minute Defensive - 0:00
Total
Forward - 60:00
Defense - 60:00
|
Play by Play
1st period
0:01 of 1st period - Sydney Crosby wins face-off versus David Legwand in neutral zone.
0:26 of 1st period - Milan Michalek is hit by David Vyborny and loses puck.
0:33 of 1st period - Erik Cole is hit by Antoine Vermette.
0:52 of 1st period - Scottie Upshall is hit by Michael Rupp and loses puck.
1:45 of 1st period - Snap shot by Milan Michalek.
1:45 of 1st period - Shot Blocked by Scott Hannan.
2:12 of 1st period - Slapshot by Michael Rupp.
2:12 of 1st period - Stopped by Chris Mason without a rebound.
2:13 of 1st period - Sydney Crosby wins face-off versus David Legwand in Flyers zone.
2:26 of 1st period - Snap shot by David Legwand.
2:26 of 1st period - Shot Misses the Net.
2:28 of 1st period - Snap shot by Shane Doan.
2:28 of 1st period - Stopped by Chris Mason with a rebound.
3:37 of 1st period - Snap shot by Sydney Crosby.
3:37 of 1st period - Stopped by Pascal Leclaire with a rebound.
4:14 of 1st period - Wrist shot by Olli Jokinen.
4:14 of 1st period - Stopped by Pascal Leclaire with a rebound.
5:09 of 1st period - Pavel Kubina is hit by Scott Hannan and loses puck.
5:14 of 1st period - Slapshot by Pavel Kubina.
5:14 of 1st period - Stopped by Chris Mason with a rebound.
5:16 of 1st period - Wrist shot by Scott Walker.
5:16 of 1st period - Shot Misses the Net.
6:25 of 1st period - Nolan Pratt is hit by Marty Reasoner and loses puck.
6:47 of 1st period - Sydney Crosby is hit by Shane Doan.
7:01 of 1st period - Backhand shot by Antoine Vermette.
7:01 of 1st period - Stopped by Chris Mason with a rebound.
7:43 of 1st period - Backhand shot by David Legwand.
7:43 of 1st period - Stopped by Chris Mason without a rebound.
7:44 of 1st period - Sydney Crosby wins face-off versus Shane Doan in Flyers zone.
7:53 of 1st period - Wrist shot by Cory Stillman.
7:53 of 1st period - Stopped by Chris Mason without a rebound.
7:54 of 1st period - Jeff O'Neill wins face-off versus David Legwand in Flyers zone.
7:59 of 1st period - Wrist shot by Erik Cole.
7:59 of 1st period - Stopped by Pascal Leclaire with a rebound.
8:31 of 1st period - Martin St. Louis is hit by Brian Gionta and loses puck.
9:09 of 1st period - Snap shot by Jan Hlavac.
9:09 of 1st period - Stopped by Chris Mason without a rebound.
9:10 of 1st period - Sydney Crosby wins face-off versus David Legwand in Flyers zone.
9:10 of 1st period - Sydney Crosby is hit by Shane Doan.
9:40 of 1st period - Snap shot by Jeff O'Neill.
9:40 of 1st period - Shot Blocked by Brian Pothier.
9:42 of 1st period - Snap shot by David Vyborny.
9:42 of 1st period - Stopped by Pascal Leclaire without a rebound.
9:43 of 1st period - Olli Jokinen wins face-off versus Milan Michalek in Stars zone.
9:49 of 1st period - Minor Penalty to Sheldon Keefe for Slashing.
9:50 of 1st period - Sydney Crosby wins face-off versus Shane Doan in Flyers zone.
10:27 of 1st period - Erik Cole is hit by Milan Michalek and loses puck.
11:49 of 1st period - Penalty to Sheldon Keefe is over, Sheldon Keefe is back on ice.
11:57 of 1st period - Minor Penalty to Michael Rupp for High sticking.
11:58 of 1st period - Marty Reasoner wins face-off versus Sydney Crosby in Stars zone.
12:11 of 1st period - Backhand shot by Sydney Crosby.
12:11 of 1st period - Shot Blocked by Francis Bouillon.
13:57 of 1st period - Penalty to Michael Rupp is over, Michael Rupp is back on ice.
15:37 of 1st period - Filip Novak is hit by Mike Lundin and loses puck.
15:53 of 1st period - Minor Penalty to Jeff O'Neill for Diving.
15:54 of 1st period - David Legwand wins face-off versus Sydney Crosby in Flyers zone.
15:55 of 1st period - Slapshot by Pavel Kubina.
15:55 of 1st period - Goal by Pavel Kubina - Flyers : 0 - Stars : 1.
15:56 of 1st period - David Legwand wins face-off versus Sydney Crosby in neutral zone.
16:04 of 1st period - Off-side.
16:05 of 1st period - David Legwand wins face-off versus Sydney Crosby in neutral zone.
16:08 of 1st period - Wrist shot by Shane Doan.
16:08 of 1st period - Shot Misses the Net.
16:10 of 1st period - Wrist shot by Shane Doan.
16:10 of 1st period - Shot Misses the Net.
16:12 of 1st period - Slapshot by Matthew Spiller.
16:12 of 1st period - Shot Misses the Net.
16:14 of 1st period - Snap shot by David Legwand.
16:14 of 1st period - Shot Misses the Net.
16:16 of 1st period - Snap shot by Shane Doan.
16:16 of 1st period - Stopped by Chris Mason with a rebound.
16:20 of 1st period - Slapshot by David Legwand.
16:20 of 1st period - Deflect By Shane Doan.
16:20 of 1st period - Shot Misses the Net.
16:20 of 1st period - Puck is out of play.
16:21 of 1st period - Antoine Vermette wins face-off versus Jeff O'Neill in Flyers zone.
16:26 of 1st period - Snap shot by Brian Gionta.
16:26 of 1st period - Shot Blocked by Erik Cole.
16:28 of 1st period - Snap shot by Matthew Spiller.
16:28 of 1st period - Stopped by Chris Mason with a rebound.
16:30 of 1st period - Slapshot by Milan Michalek.
16:30 of 1st period - Shot Blocked by David Vyborny.
17:36 of 1st period - Chris Pronger is hit by Francis Bouillon and loses puck.
18:04 of 1st period - Wrist shot by Patrik Elias.
18:04 of 1st period - Shot Misses the Net.
19:38 of 1st period - Slapshot by Scottie Upshall.
19:38 of 1st period - Shot Misses the Net.
2nd period
0:01 of 2nd period - David Legwand wins face-off versus Alex Tanguay in neutral zone.
0:06 of 2nd period - Slapshot by Pavel Kubina.
0:06 of 2nd period - Shot Blocked by James Wisniewski.
0:14 of 2nd period - Pavel Kubina is hit by James Wisniewski and loses puck.
0:25 of 2nd period - David Vyborny is hit by Brian Gionta and loses puck.
0:44 of 2nd period - Slapshot by Matthew Spiller.
0:44 of 2nd period - Shot Hit the Post.
0:46 of 2nd period - Slapshot by Pavel Kubina.
0:46 of 2nd period - Stopped by Chris Mason without a rebound.
0:47 of 2nd period - Michael Rupp wins face-off versus Olli Jokinen in Flyers zone.
0:48 of 2nd period - Wrist shot by Patrik Elias.
0:48 of 2nd period - Shot Blocked by Sheldon Keefe.
0:50 of 2nd period - Wrist shot by Michael Rupp.
0:50 of 2nd period - Goal by Michael Rupp - Flyers : 0 - Stars : 2.
0:51 of 2nd period - David Legwand wins face-off versus Sydney Crosby in neutral zone.
0:54 of 2nd period - Wrist shot by Pavel Kubina.
0:54 of 2nd period - Stopped by Chris Mason without a rebound.
0:55 of 2nd period - Sydney Crosby wins face-off versus Shane Doan in Flyers zone.
1:26 of 2nd period - Slapshot by Cory Stillman.
1:26 of 2nd period - Stopped by Chris Mason with a rebound.
1:28 of 2nd period - Wrist shot by Shane Doan.
1:28 of 2nd period - Stopped by Chris Mason without a rebound.
1:29 of 2nd period - Jeff O'Neill wins face-off versus Antoine Vermette in Flyers zone.
1:52 of 2nd period - Icing by David Vyborny.
1:53 of 2nd period - Jeff O'Neill wins face-off versus Michael Rupp in Flyers zone.
1:53 of 2nd period - Jeff O'Neill is hit by Michael Rupp.
2:05 of 2nd period - Slapshot by Sydney Crosby.
2:05 of 2nd period - Shot Blocked by Matthew Spiller.
2:07 of 2nd period - Snap shot by Sydney Crosby.
2:07 of 2nd period - Stopped by Pascal Leclaire with a rebound.
2:09 of 2nd period - Snap shot by Martin St. Louis.
2:09 of 2nd period - Stopped by Pascal Leclaire with a rebound.
2:24 of 2nd period - Off-side.
2:25 of 2nd period - Sydney Crosby wins face-off versus David Legwand in neutral zone.
2:30 of 2nd period - Slapshot by Martin St. Louis.
2:30 of 2nd period - Shot Misses the Net.
2:32 of 2nd period - Slapshot by Mike Lundin.
2:32 of 2nd period - Stopped by Pascal Leclaire without a rebound.
2:33 of 2nd period - Sydney Crosby wins face-off versus David Legwand in Stars zone.
2:34 of 2nd period - Snap shot by Martin St. Louis.
2:34 of 2nd period - Stopped by Pascal Leclaire with a rebound.
2:36 of 2nd period - Snap shot by Alex Tanguay.
2:36 of 2nd period - Stopped by Pascal Leclaire with a rebound.
2:38 of 2nd period - Slapshot by Alex Tanguay.
2:38 of 2nd period - Shot Misses the Net.
2:58 of 2nd period - Wrist shot by Antoine Vermette.
2:58 of 2nd period - Stopped by Chris Mason without a rebound.
2:59 of 2nd period - Antoine Vermette wins face-off versus Jeff O'Neill in Flyers zone.
4:13 of 2nd period - Snap shot by Marty Reasoner.
4:13 of 2nd period - Shot Misses the Net.
4:15 of 2nd period - Wrist shot by Randy Jones.
4:15 of 2nd period - Shot Blocked by Mike Lundin.
4:25 of 2nd period - Milan Michalek is hit by Chris Pronger and loses puck.
4:46 of 2nd period - Snap shot by Shane Doan.
4:46 of 2nd period - Stopped by Chris Mason with a rebound.
5:02 of 2nd period - Evgeny Artyukhin is hit by Mark Giordano and loses puck.
5:07 of 2nd period - Snap shot by David Vyborny.
5:07 of 2nd period - Shot Misses the Net.
5:26 of 2nd period - Snap shot by Jan Hlavac.
5:26 of 2nd period - Shot Misses the Net.
5:28 of 2nd period - Slapshot by Jan Hlavac.
5:28 of 2nd period - Stopped by Chris Mason without a rebound.
5:29 of 2nd period - Olli Jokinen wins face-off versus David Legwand in Flyers zone.
5:36 of 2nd period - Slapshot by Sheldon Keefe.
5:36 of 2nd period - Stopped by Pascal Leclaire with a rebound.
6:26 of 2nd period - Snap shot by David Legwand.
6:26 of 2nd period - Shot Blocked by Scottie Upshall.
6:28 of 2nd period - Snap shot by Filip Novak.
6:28 of 2nd period - Stopped by Chris Mason with a rebound.
7:02 of 2nd period - Slapshot by Scottie Upshall.
7:02 of 2nd period - Shot Misses the Net.
7:20 of 2nd period - Snap shot by Scottie Upshall.
7:20 of 2nd period - Shot Misses the Net.
8:00 of 2nd period - David Legwand is hit by Sheldon Keefe and loses puck.
8:11 of 2nd period - Wrist shot by Cory Stillman.
8:11 of 2nd period - Shot Misses the Net.
8:13 of 2nd period - Snap shot by Cory Stillman.
8:13 of 2nd period - Shot Misses the Net.
8:15 of 2nd period - Snap shot by David Legwand.
8:15 of 2nd period - Stopped by Chris Mason with a rebound.
8:17 of 2nd period - Slapshot by Francis Bouillon.
8:17 of 2nd period - Stopped by Chris Mason with a rebound.
8:41 of 2nd period - Snap shot by Scottie Upshall.
8:41 of 2nd period - Stopped by Pascal Leclaire without a rebound.
8:42 of 2nd period - Antoine Vermette wins face-off versus Martin St. Louis in Stars zone.
9:07 of 2nd period - Michael Rupp is hit by Jeff O'Neill and loses puck.
9:14 of 2nd period - Snap shot by Evgeny Artyukhin.
9:14 of 2nd period - Stopped by Chris Mason with a rebound.
9:16 of 2nd period - Wrist shot by Michael Rupp.
9:16 of 2nd period - Stopped by Chris Mason with a rebound.
9:34 of 2nd period - Scott Hannan is hit by Brian Pothier and loses puck.
9:49 of 2nd period - Pavel Kubina is hit by David Vyborny and loses puck.
10:47 of 2nd period - David Vyborny is hit by Antoine Vermette and loses puck.
11:00 of 2nd period - Brian Pothier is hit by Blair Betts and loses puck.
12:14 of 2nd period - Erik Cole is hit by Milan Michalek and loses puck.
12:48 of 2nd period - Minor Penalty to Blair Betts for Hooking.
12:49 of 2nd period - Antoine Vermette wins face-off versus Sydney Crosby in Flyers zone.
12:50 of 2nd period - Snap shot by Milan Michalek.
12:50 of 2nd period - Stopped by Chris Mason with a rebound.
12:52 of 2nd period - Snap shot by Pavel Kubina.
12:52 of 2nd period - Shot Blocked by Sydney Crosby.
12:54 of 2nd period - Slapshot by Pavel Kubina.
12:54 of 2nd period - Stopped by Chris Mason without a rebound.
12:55 of 2nd period - Sydney Crosby wins face-off versus Antoine Vermette in Flyers zone.
13:08 of 2nd period - Mike Lundin is hit by Matthew Spiller.
13:39 of 2nd period - Minor Penalty to James Wisniewski for Boarding.
13:40 of 2nd period - Sydney Crosby wins face-off versus David Legwand in Flyers zone.
14:36 of 2nd period - Jeff O'Neill is hit by Shane Doan and loses puck.
14:48 of 2nd period - Penalty to Blair Betts is over, Blair Betts is back on ice.
15:39 of 2nd period - Penalty to James Wisniewski is over, James Wisniewski is back on ice.
15:43 of 2nd period - Patrik Elias is hit by Jeff O'Neill and loses puck.
16:07 of 2nd period - Marty Reasoner is hit by Sheldon Keefe and loses puck.
16:22 of 2nd period - Brian Pothier is hit by Erik Cole and loses puck.
17:19 of 2nd period - Nolan Pratt is hit by Michael Rupp and loses puck.
17:34 of 2nd period - Randy Jones is hit by Erik Cole and loses puck.
17:57 of 2nd period - Michael Rupp is hit by James Wisniewski.
18:06 of 2nd period - Off-side.
18:07 of 2nd period - Jeff O'Neill wins face-off versus Antoine Vermette in neutral zone.
18:16 of 2nd period - Slapshot by Chris Pronger.
18:16 of 2nd period - Deflect By David Vyborny.
18:16 of 2nd period - Stopped by Pascal Leclaire without a rebound.
18:17 of 2nd period - David Legwand wins face-off versus Alex Tanguay in Stars zone.
18:22 of 2nd period - Chris Pronger is hit by David Legwand and loses puck.
18:32 of 2nd period - Off-side.
18:33 of 2nd period - Antoine Vermette wins face-off versus Jeff O'Neill in neutral zone.
19:01 of 2nd period - Icing by David Vyborny.
19:02 of 2nd period - Jeff O'Neill wins face-off versus Michael Rupp in Flyers zone.
19:07 of 2nd period - Wrist shot by Mike Lundin.
19:07 of 2nd period - Stopped by Pascal Leclaire without a rebound.
19:08 of 2nd period - David Legwand wins face-off versus Sydney Crosby in Stars zone.
3rd period
0:01 of 3rd period - David Legwand wins face-off versus Sydney Crosby in neutral zone.
0:08 of 3rd period - Backhand shot by David Legwand.
0:08 of 3rd period - Shot Blocked by Alex Tanguay.
0:10 of 3rd period - Wrist shot by Shane Doan.
0:10 of 3rd period - Shot Misses the Net.
0:12 of 3rd period - Snap shot by Shane Doan.
0:12 of 3rd period - Deflect By David Legwand.
0:12 of 3rd period - Shot Misses the Net.
0:12 of 3rd period - Puck is out of play.
0:13 of 3rd period - David Legwand wins face-off versus Sydney Crosby in Flyers zone.
0:20 of 3rd period - Wrist shot by Shane Doan.
0:20 of 3rd period - Goal by Shane Doan - Flyers : 0 - Stars : 3.
0:21 of 3rd period - Sydney Crosby wins face-off versus David Legwand in neutral zone.
0:24 of 3rd period - Shane Doan is hit by Sydney Crosby and loses puck.
0:35 of 3rd period - Sydney Crosby is hit by Matthew Spiller and loses puck.
0:48 of 3rd period - Mike Lundin is hit by Pavel Kubina and loses puck.
0:55 of 3rd period - Snap shot by Chris Pronger.
0:55 of 3rd period - Deflect By Erik Cole.
0:55 of 3rd period - Shot Misses the Net.
0:55 of 3rd period - Puck is out of play.
0:56 of 3rd period - Jeff O'Neill wins face-off versus David Legwand in Stars zone.
1:29 of 3rd period - Minor Penalty to James Wisniewski for High sticking.
1:30 of 3rd period - Sydney Crosby wins face-off versus David Legwand in Flyers zone.
1:43 of 3rd period - Snap shot by David Legwand.
1:43 of 3rd period - Shot Misses the Net.
1:45 of 3rd period - Snap shot by Matthew Spiller.
1:45 of 3rd period - Shot Misses the Net.
3:29 of 3rd period - Penalty to James Wisniewski is over, James Wisniewski is back on ice.
3:51 of 3rd period - Evgeny Artyukhin is hit by Scottie Upshall and loses puck.
4:01 of 3rd period - Double Minor Penalty to Brian Pothier for High sticking.
4:02 of 3rd period - Sydney Crosby wins face-off versus Marty Reasoner in Stars zone.
4:11 of 3rd period - Wrist shot by Alex Tanguay.
4:11 of 3rd period - Deflect By Shane Doan.
4:11 of 3rd period - Shot Blocked by Marty Reasoner.
4:11 of 3rd period - Puck is out of play.
4:12 of 3rd period - Marty Reasoner wins face-off versus Sydney Crosby in Stars zone.
4:38 of 3rd period - Snap shot by Sydney Crosby.
4:38 of 3rd period - Stopped by Pascal Leclaire without a rebound.
4:39 of 3rd period - Jeff O'Neill wins face-off versus Marty Reasoner in Stars zone.
5:18 of 3rd period - Filip Novak is hit by Scott Hannan and loses puck.
6:43 of 3rd period - Ryane Clowe is hit by Cory Stillman and loses puck.
7:46 of 3rd period - Wrist shot by Scottie Upshall.
7:46 of 3rd period - Stopped by Pascal Leclaire without a rebound.
7:47 of 3rd period - Sydney Crosby wins face-off versus Marty Reasoner in Stars zone.
8:01 of 3rd period - Penalty to Brian Pothier is over, Brian Pothier is back on ice.
8:44 of 3rd period - Wrist shot by Scott Walker.
8:44 of 3rd period - Shot Misses the Net.
8:46 of 3rd period - Snap shot by Marty Reasoner.
8:46 of 3rd period - Stopped by Chris Mason with a rebound.
8:58 of 3rd period - Antoine Vermette is hit by Mark Giordano and loses puck.
10:02 of 3rd period - Scott Hannan is hit by Milan Michalek and loses puck.
10:27 of 3rd period - David Vyborny is hit by David Legwand and loses puck.
11:19 of 3rd period - Ryane Clowe is hit by Shane Doan and loses puck.
11:40 of 3rd period - Ryane Clowe is hit by Brian Pothier and loses puck.
11:51 of 3rd period - Ryane Clowe is hit by Patrik Elias and loses puck.
12:02 of 3rd period - Mike Lundin is hit by Antoine Vermette.
12:06 of 3rd period - Erik Cole is hit by Antoine Vermette and loses puck.
12:22 of 3rd period - Off-side.
12:23 of 3rd period - Sydney Crosby wins face-off versus Marty Reasoner in neutral zone.
12:32 of 3rd period - Snap shot by Sydney Crosby.
12:32 of 3rd period - Shot Misses the Net.
12:34 of 3rd period - Wrist shot by Sydney Crosby.
12:34 of 3rd period - Shot Blocked by Pavel Kubina.
12:36 of 3rd period - Snap shot by Martin St. Louis.
12:36 of 3rd period - Stopped by Pascal Leclaire with a rebound.
13:05 of 3rd period - Brian Gionta is hit by Mark Giordano and loses puck.
13:16 of 3rd period - Patrik Elias is hit by Sydney Crosby and loses puck.
13:33 of 3rd period - Snap shot by Marty Reasoner.
13:33 of 3rd period - Stopped by Chris Mason without a rebound.
13:34 of 3rd period - Sydney Crosby wins face-off versus Marty Reasoner in Flyers zone.
13:41 of 3rd period - Slapshot by Alex Tanguay.
13:41 of 3rd period - Stopped by Pascal Leclaire without a rebound.
13:42 of 3rd period - Sydney Crosby wins face-off versus Shane Doan in Stars zone.
14:09 of 3rd period - Slapshot by James Wisniewski.
14:09 of 3rd period - Stopped by Pascal Leclaire without a rebound.
14:10 of 3rd period - Jeff O'Neill wins face-off versus Antoine Vermette in Stars zone.
14:11 of 3rd period - Wrist shot by David Vyborny.
14:11 of 3rd period - Stopped by Pascal Leclaire with a rebound.
14:13 of 3rd period - Slapshot by Mike Lundin.
14:13 of 3rd period - Stopped by Pascal Leclaire without a rebound.
14:14 of 3rd period - David Legwand wins face-off versus Jeff O'Neill in Stars zone.
14:43 of 3rd period - Slapshot by Martin St. Louis.
14:43 of 3rd period - Shot Misses the Net.
14:49 of 3rd period - Sydney Crosby is hit by Milan Michalek and loses puck.
15:07 of 3rd period - Wrist shot by Marty Reasoner.
15:07 of 3rd period - Shot Blocked by Sheldon Keefe.
15:09 of 3rd period - Snap shot by Scott Walker.
15:09 of 3rd period - Goal by Scott Walker - Flyers : 0 - Stars : 4.
15:10 of 3rd period - Cory Stillman wins face-off versus Sydney Crosby in neutral zone.
15:21 of 3rd period - Matthew Spiller is hit by Sydney Crosby and loses puck.
15:26 of 3rd period - Snap shot by Alex Tanguay.
15:26 of 3rd period - Goal by Alex Tanguay - Flyers : 1 - Stars : 4.
15:27 of 3rd period - Sydney Crosby wins face-off versus David Legwand in neutral zone.
15:30 of 3rd period - Wrist shot by Sydney Crosby.
15:30 of 3rd period - Stopped by Pascal Leclaire without a rebound.
15:31 of 3rd period - Sydney Crosby wins face-off versus David Legwand in Stars zone.
15:32 of 3rd period - Wrist shot by Martin St. Louis.
15:32 of 3rd period - Shot Misses the Net.
15:34 of 3rd period - Snap shot by Martin St. Louis.
15:34 of 3rd period - Goal by Martin St. Louis - Flyers : 2 - Stars : 4.
15:35 of 3rd period - Michael Rupp wins face-off versus Sydney Crosby in neutral zone.
15:48 of 3rd period - Wrist shot by Patrik Elias.
15:48 of 3rd period - Shot Misses the Net.
15:50 of 3rd period - Slapshot by Evgeny Artyukhin.
15:50 of 3rd period - Stars goal is going for a video replay.
15:50 of 3rd period - The goal is good.
15:50 of 3rd period - Goal by Evgeny Artyukhin - Flyers : 2 - Stars : 5.
15:51 of 3rd period - David Legwand wins face-off versus Sydney Crosby in neutral zone.
16:07 of 3rd period - Backhand shot by Pavel Kubina.
16:07 of 3rd period - Deflect By Shane Doan.
16:07 of 3rd period - Stopped by Chris Mason with a rebound.
16:17 of 3rd period - Matthew Spiller is hit by David Vyborny and loses puck.
16:46 of 3rd period - Minor Penalty to Francis Bouillon for Delaying the game.
16:47 of 3rd period - Sydney Crosby wins face-off versus Marty Reasoner in Stars zone.
16:48 of 3rd period - Snap shot by Martin St. Louis.
16:48 of 3rd period - Stopped by Pascal Leclaire without a rebound.
16:49 of 3rd period - Marty Reasoner wins face-off versus Sydney Crosby in Stars zone.
18:43 of 3rd period - Marty Reasoner is hit by Chris Pronger and loses puck.
18:46 of 3rd period - Penalty to Francis Bouillon is over, Francis Bouillon is back on ice.
Output by the SimonT Hockey Simulator (STHS) for François Prévost -- Original Page W3C XHTML 1.0 Valid